 Dungeon Crawl Stone Soup version 0.24-a0-307-gf989941 (webtiles) character file.

Game seed: 9807573854594188598

3 mhoghedin the Insei (level 1, -1/15 HPs)
             Began as a Demigod Transmuter on May 13, 2019.
             Slain by a leopard gecko (3 damage)
             ... on level 1 of the Dungeon.
             The game lasted 00:00:38 (115 turns).

mhoghedin the Insei (Demigod Transmuter)             Turns: 115, Time: 00:00:38

Health: -1/15      AC:  2    Str: 13    XL:     1   Next: 33%
Magic:  4/5        EV: 12    Int: 17    God:
Gold:   13         SH:  0    Dex: 16    Spells: 2/3 levels left

rFire    . . .     SeeInvis .   g - +0 dagger
rCold    . . .     Gourm    .   (no shield)
rNeg     . . .     Faith    .   b - +0 robe
rPois    .         Spirit   .   (no helmet)
rElec    .         Reflect  .   (no cloak)
rCorr    .         Harm     .   (no gloves)
MR       .....                  (no boots)
Stlth    +.........             (no amulet)
HPRegen  0.05/turn              (no ring)
MPRegen  0.09/turn              (no ring)

@: appendage (expiring)
A: horns 2, high mp 1
a: End Transformation


You were on level 1 of the Dungeon.
You were not hungry.
You had grown temporary horns.
You visited 1 branch of the dungeon, and saw 1 of its levels.

You collected 13 gold pieces.

Inventory:

Hand Weapons
 g - a +0 dagger (weapon)
   (You took it off a goblin on level 1 of the Dungeon)
Missiles
 a - 12 arrows
Armour
 b - a +0 robe (worn)
Scrolls
 c - a scroll of identify {unknown}
Potions
 e - a potion of berserk rage {unknown}
 f - a potion of cancellation {unknown}
Comestibles
 d - a ration


   Skills:
 - Level 0.8 Fighting
 - Level 1.7 Dodging
 - Level 2.6 Unarmed Combat
 - Level 1.7 Spellcasting
 + Level 2.1 Transmutations


You had 2 spell levels left.
You knew the following spells:

 Your Spells              Type           Power        Failure   Level  Hunger
a - Beastly Appendage     Tmut           #.....       9%          1    #......

Your spell library contained the following spells:

 Spells                   Type           Power        Failure   Level  Hunger
 Sticks to Snakes         Tmut           #.......     13%         2    ###....
 Spider Form              Tmut/Pois      #.........   36%         3    ###....
 Ice Form                 Ice/Tmut       #.......     77%         4    #####..
 Blade Hands              Tmut           #.........   93%         5    ######.


Dungeon Overview and Level Annotations

Branches:
Dungeon (1/15)


Innate Abilities, Weirdness & Mutations

You have an increased reservoir of magic. (+10% MP)
You have a pair of horns on your head.


Message History

Welcome, mhoghedin the Demigod Transmuter.
It is said that the Orb of Zot exists deep within this dungeon.
Found a staircase leading out of the dungeon.
c - a scroll labeled RUDICS RIXUINA
e - a sapphire potion
f - an amethyst potion
Found a stone staircase leading down.
You see here 21 stones.
You now have 13 gold pieces.
A giant cockroach comes into view.
Sorry, you're not good enough to have a special ability.
Unknown command.
Sorry, you're not good enough to have a special ability.
You grow a pair of large bovine horns.
You now have 4/5 mp.
Your transformation is almost over.
You hit the giant cockroach but do no damage.
You headbutt the giant cockroach. The giant cockroach closely misses you.
The giant cockroach misses you.
You barely miss the giant cockroach.
You headbutt the giant cockroach, but do no damage.
The giant cockroach bites you but does no damage.
You closely miss the giant cockroach. The giant cockroach misses you.
You hit the giant cockroach.
You kill the giant cockroach!
Your horns disappear.
A goblin comes into view. It is wielding a +0 dagger.
MP restored: 5 A goblin is nearby!
The goblin shouts!
The goblin closely misses you.
Your feet morph into talons.
The goblin hits you with a +0 dagger.
You take 1 damage, and have 14/15 hp.
You now have 4/5 mp.
You hit the goblin.
You kill the goblin!
Your Transmutations skill increases to level 2!
No target in view!
Your transformation is almost over.
g - a +0 dagger You see here a goblin corpse.
Wield which item (- for none, * to show all)? (? for menu, Esc to quit)
g - a +0 dagger (weapon)
A kobold comes into view.
The kobold shouts!
A kobold is nearby!
A kobold is nearby!
You extend your transformation's duration.
You now have 3/5 mp.
You closely miss the kobold. Your kick misses the kobold.
The kobold barely misses you.
You completely miss the kobold. Your kick misses the kobold.
The kobold misses you.
You hit the kobold. Your kick misses the kobold. The kobold hits you.
You take 3 damage, and have 11/15 hp.
You hit the kobold.
You kill the kobold!
Your transformation is almost over.
You start resting.
Your talons disappear.
MP restored: 5 You open the door.
There is an open door here.
A leopard gecko comes into view.
A leopard gecko is nearby!
You grow a pair of large bovine horns.
You now have 4/5 mp.
Unknown command.
Your transformation is almost over.
The leopard gecko hisses angrily.
The leopard gecko closely misses you.
You miss the leopard gecko. Your headbutt misses the leopard gecko.
The leopard gecko barely misses you.
You miss the leopard gecko.
The leopard gecko hisses menacingly.
The leopard gecko bites you.
You take 3 damage, and have 10/15 hp.
You hit the leopard gecko. The leopard gecko barely misses you.
The leopard gecko closely misses you.
Unknown command.
You extend your transformation's duration.
The leopard gecko barely misses you.
You now have 3/5 mp.
You closely miss the leopard gecko.
Your transformation is almost over.
The leopard gecko bites you.
You take 4 damage, and have 6/15 hp.
MASSIVE DAMAGE!!
You barely miss the leopard gecko. Your headbutt misses the leopard gecko.
The leopard gecko bites you.
* * * LOW HITPOINT WARNING * * *
You take 4 damage, and have 2/15 hp.
MASSIVE DAMAGE!!
You hit the leopard gecko but do no damage.
Your headbutt misses the leopard gecko. The leopard gecko closely misses you.
You hit the leopard gecko but do no damage.
Your headbutt misses the leopard gecko. The leopard gecko closely misses you.
The leopard gecko bites you.
You die...

#.....####.#.#.######.#..+
#.....# #.#.#.#....#.####
#.....# #.#.#.#.#.<#.#
####### #.#.#.#.####.#
#####.#.#.#......#
#.......#.########
#.......#.......
#.........# #......#.@.#
###....#.l(......
#....#.........
#.....######### #####. ..
###


You could see a leopard gecko.

Vanquished Creatures
  A giant cockroach (D:1)
  A kobold (D:1)
  A goblin (D:1)
3 creatures vanquished.

Notes
Turn   | Place    | Note
-------+----------+-------------------------------------------
     0 | D:1      | mhoghedin the Demigod Transmuter began the quest for the
                  | Orb.
     0 | D:1      | Reached XP level 1. HP: 15/15 MP: 5/5
    61 | D:1      | Reached skill level 2 in Transmutations
   113 | D:1      | HP: 2/15 [leopard gecko (4)]
   115 | D:1      | Slain by a leopard gecko

Levels and vault maps discovered:
D:1:      zelgadis_glass_arrival_small, layout_basic, grunt_decor_fettered

Skill      XL: |  1 |
---------------+----+-----
Transmutations | 2 |  2.1
Fighting       | |  0.8
Dodging        | |  1.7
Unarmed Combat | |  2.6
Spellcasting   | |  1.7

Action                   || total
-------------------------++-------
Melee: Dagger            ||    11
       Unarmed           ||     5
       Headbutt          ||     2
 Cast: Beastly Appendage ||     5
Armor: Robe              ||     1
Dodge: Dodged            ||    13

Table legend:
 A = Non-vault XP
 B = Vault XP
 C = Vault XP percentage of total XP
 D = Non-vault monster count
 E = Vault monster count
 F = Vault count percentage of total count
                 A         B        C        D         E       F
            +---------+---------+-------+---------+---------+-------
      Total |       5 |       0 |   0.0 |       3 |       0 |   0.0
            +---------+---------+-------+---------+---------+-------
        D:1 |       5 |       0 |   0.0 |       3 |       0 |   0.0
            +---------+---------+-------+---------+---------+-------

Levels and vault maps discovered:
D:1:      zelgadis_glass_arrival_small, layout_basic, grunt_decor_fettered

Table legend:
 A = Turns spent in this place as a percentage of turns spent in the entire game.
 B = Non-inter-level travel turns spent in this place as a percentage of non-inter-level travel turns spent in the entire game.
 C = Inter-level travel turns spent in this place as a percentage of turns spent in this place.
 D = Turns resting spent in this place as a percentage of non-inter-level travel turns spent in this place.
 E = Turns spent auto-exploring this place as a percentage of non-inter-level travel turns spent in this place.
 F = Non-inter-level travel turns spent in this place divided by the number of levels of this place that you've seen.
                   A       B       C       D       E      F
               +-------+-------+-------+-------+-------+----------------------
         Total | 100.0 | 100.0 |   0.0 |   7.0 |  59.1 | 115.0
       Dungeon | 100.0 | 100.0 |   0.0 |   7.0 |  59.1 | 115.0
               +-------+-------+-------+-------+-------+----------------------

Table legend:
 A = Kills in this place as a percentage of kills in entire the game.
 B = Kills by you in this place as a percentage of kills by you in the entire game.
 C = Kills by friends in this place as a percentage of kills by friends in the entire game.
 D = Other kills in this place as a percentage of other kills in the entire game.
 E = Experience gained in this place as a percentage of experience gained in the entire game.
 F = Experience gained in this place divided by the number of levels of this place that you have seen.
                   A       B       C       D       E      F
               +-------+-------+-------+-------+-------+----------------------
         Total | 100.0 | 100.0 |   N/A |   N/A | 100.0 |   5.0
       Dungeon | 100.0 | 100.0 |   N/A |   N/A | 100.0 |   5.0
               +-------+-------+-------+-------+-------+----------------------
